 Dungeon Crawl Stone Soup version 0.29-a0-319-gad05b8d819 (webtiles) character file.

Game seed: 5139879906394887968

77 Dabor the Insei (level 4, -5/33 HPs)
             Began as a Demonspawn Transmuter on Apr 2, 2022.
             Was an Initiate of Gozag.
             Slain by an orc
             ... wielding a +0 flail
              (7 damage)
             ... on level 3 of the Dungeon.
             The game lasted 00:03:26 (2550 turns).

Dabor the Insei (Demonspawn Transmuter)             Turns: 2550, Time: 00:03:26

Health: -5/33      AC:  2    Str: 12    XL:     4   Next: 13%
Magic:  7/7        EV: 12    Int: 15    God:    Gozag
Gold:   177        SH:  0    Dex: 13    Spells: 5/8 levels left

rFire   x . .      SeeInvis .   k - +0 dagger (protect)
rCold   + . .      Faith    .   (no shield)
rNeg    . . .      Spirit   .   a - +0 robe
rPois   .          Reflect  .   (no helmet)
rElec   .          Harm     .   (no cloak)
rCorr   .          Rampage  .   (no gloves)
Will    .....                   (no boots)
Stlth   +.........              (no amulet)
HPRegen 0.11/turn               j - ring of ice
MPRegen 0.10/turn               (no ring)

@: about to teleport, wereblooded (expiring), attractive, flying
A: powered by death 1
a: Renounce Religion, Potion Petition, Call Merchant, Bribe Branch


You were on level 3 of the Dungeon.
You worshipped Gozag.
Gozag was aware of your devotion.
You visited 1 branch of the dungeon, and saw 3 of its levels.

You collected 177 gold pieces.

Inventory:

Hand Weapons
 k - a +0 dagger of protection (weapon)
Armour
 a - a +0 robe (worn)
Jewellery
 b - a ring of flight
 j - a ring of ice (left hand)
Wands
 n - a wand of flame (10)
Scrolls
 d - a scroll of fog {unknown}
 g - a scroll of noise {unknown}
 h - a scroll of identify {unknown}
 i - a scroll of fear {unknown}
 m - a scroll of blinking {unknown}
 o - a scroll of amnesia {unknown}


   Skills:
 + Level 1.9 Fighting
 + Level 2.3 Dodging
 + Level 3.1 Unarmed Combat
 + Level 2.5 Spellcasting
 + Level 2.3 Transmutations


You had 5 spell levels left.
You knew the following spells:

 Your Spells              Type           Power      Damage    Failure   Level
a - Beastly Appendage     Tmut           16%        N/A       9%          1
b - Wereblood             Tmut           8%         N/A       12%         2

Your spell library contained the following spells:

 Spells                   Type           Power      Damage    Failure   Level
 Spider Form              Tmut/Pois      5%         N/A       36%         3
 Ice Form                 Ice/Tmut       8%         N/A       78%         4


Dungeon Overview and Level Annotations

Branches:
Dungeon (3/15)

Altars:
Gozag


Innate Abilities, Weirdness & Mutations

You regenerate a little health from kills.


Message History

* * * LOW HITPOINT WARNING * * *
It was a potion of heal wounds.
You feel much better.
The orc priest hits you with a +0 flail.
The orc hits you with a +0 falchion. The orc barely misses you.
The orc priest invokes the aid of Beogh against you.
Beogh smites you!
* * * LOW HITPOINT WARNING * * *
You feel much better.
You hit the orc.
Your weapon exudes an aura of protection.
The orc is lightly wounded.
The orc closely misses you.
You closely miss the orc.
The orc is lightly wounded.
Your primal bloodlust is almost over.
The orc priest hits you with a +0 flail.
The orc hits you with a +0 falchion.
The orc priest attacks as you move away!
The orc priest misses you. The orc barely misses you.
You feel much better.
The orc priest hits you with a +0 flail.
It was a potion of attraction.
You feel attractive to monsters. The orc priest closely misses you.
The orc hits you with a +0 falchion!
It was a potion of flight.
You feel very buoyant.
You fly up into the air.
The orc priest hits you with a +0 flail!
The orc hits you with a +0 flail.
* * * LOW HITPOINT WARNING * * *
The orc hits you with a +0 falchion.
* * * LOW HITPOINT WARNING * * *
As you read the scroll labelled HEAJ FUASENLIM, it crumbles to dust.
You feel strangely unstable.
It was a scroll of teleportation.
The orc priest hits you with a +0 flail.
* * * LOW HITPOINT WARNING * * *
The orc hits you with a +0 flail!
You die...
Your body crumbles into a pile of gold.

≈..≈.....##.#
..≈≈≈..#.##.#
#.
#..≈...#..#.#
#.
#.....###...##
#.
..###.....#..##
.####
#.......####..#
.... #.......#
##.#####..
#.......#
#...o##$♣
#.......#
####@o#.♣
#########
##o..♣ ###.!♣
#..... #####...
##


You could see an orc priest and 2 orcs.

Vanquished Creatures
  Jessica (D:2)
  An adder (D:2)
  A dart slug (D:1)
  2 orcs (D:3)
  3 endoplasms
  A giant cockroach (D:1)
  2 goblins (D:1)
  5 hobgoblins
  3 jackals (D:2)
  3 kobolds
  2 quokkas
  4 ball pythons
  2 bats
  A frilled lizard (D:1)
  4 rats
35 creatures vanquished.

Notes
Turn   | Place    | Note
-------+----------+-------------------------------------------
     0 | D:1      | Dabor the Demonspawn Transmuter began the quest for the
                  | Orb.
     0 | D:1      | Reached XP level 1. HP: 15/15 MP: 3/3
   368 | D:1      | Gained mutation: You regenerate a little health from kills.
                  | [demonic ancestry]
   368 | D:1      | Reached XP level 2. HP: 21/21 MP: 3/5
   537 | D:1      | Learned a level 2 spell: Wereblood
   756 | D:1      | Found a faded altar of an unknown god.
   965 | D:1      | Prayed at the altar of an unknown god.
   965 | D:1      | Became a worshipper of Gozag Ym Sagoz the Greedy
  1245 | D:2      | Reached XP level 3. HP: 26/26 MP: 6/6
  1522 | D:2      | Reached skill level 3 in Unarmed Combat
  1963 | D:2      | Noticed Jessica
  2021 | D:2      | Killed Jessica
  2022 | D:2      | Reached XP level 4. HP: 10/33 MP: 5/7
  2539 | D:3      | HP: 1/33 [orc/+0 falchion (4)]
  2550 | D:3      | Slain by an orc

Illustrated notes

Levels and vault maps discovered:
D:1:      amcnicky_arrival_gap_in_the_tavern_cellar, layout_rooms,
          dilly_ecumenical_altar_fadedgnrine, dk_noncrumbling_4
D:2:      layout_loops_corners, uniq_jessica
D:3:      layout_rooms, chequers_serial_rivers_micro_c, minmay_stone_trees_small

Skill      XL: |  1  2  3 |
---------------+----------+-----
Dodging        | 2 |  2.3
Transmutations | 2 |  2.3
Unarmed Combat | 3 |  3.1
Fighting       | |  1.9
Spellcasting   | |  2.5

Action                   |  1- 3 |  4- 6 || total
-------------------------+-------+-------++-------
Melee: Unarmed           |    84 |       ||    84
       Kick              |    17 |     1 ||    18
       Headbutt          |     7 |       ||     7
       Punch             |     3 |     1 ||     4
       Dagger            |    26 |    33 ||    59
 Cast: Beastly Appendage |    18 |     1 ||    19
       Wereblood         |     1 |     2 ||     3
  Use: Potion            |     1 |     5 ||     6
       Scroll            |       |     1 ||     1
Armor: Robe              |    20 |    10 ||    30
       Skin              |     9 |       ||     9
Dodge: Dodged            |    64 |    21 ||    85

Table legend: (Time is in decaauts)
 A = Elapsed time spent in this place.
 B = Non-inter-level travel time spent in this place.
 C = Inter-level travel time spent in this place.
 D = Time resting spent in this place.
 E = Time spent auto-exploring this place.
 F = Levels seen in this place.
 G = Mean time per level.
                   A        B        C        D        E       F      G
               +--------+--------+--------+--------+--------+-----+--------+
         Total |   2543 |   2465 |     78 |    431 |   1640 |   3 |  847.7 |
       Dungeon |   2543 |   2465 |     78 |    431 |   1640 |   3 |  847.7 |
               +--------+--------+--------+--------+--------+-----+--------+

Top non-repeatable levels by time:
     D:2: 1453 daAuts
     D:1: 1008 daAuts
     D:3: 80 daAuts
